 Dungeon Crawl Stone Soup version 0.31.0-9-g3a7656b989 (webtiles) character file.

Game seed: 1510511879003568981

713 ExZ the Changeling (level 7, -1/50 HPs)
             Began as an Octopode Shapeshifter on Feb 4, 2024.
             Splashed by a jelly's acid (9 damage)
             ... on level 4 of the Dungeon.
             The game lasted 00:07:17 (3527 turns).

ExZ the Changeling (Octopode Shapeshifter)          Turns: 3527, Time: 00:07:18

Health: -1/50      AC: -3    Str: 15    XL:     7   Next: 69%
Magic:  7/7        EV: 14    Int: 13    God:
Gold:   172        SH:  0    Dex: 11    Spells: 6/6 levels left

rFire   . .          .
                       - Unarmed
rCold   . . .        (no shield)
rNeg    . . .        (helmet currently unavailable)
rPois   .            (no amulet)
rElec   .            (no ring)
rCorr   .            (no ring)
SInv    .            (no ring)
Will    .....        (no ring)
Stlth   ++           (no ring)
HPRegen 0.28/turn    (no ring)
MPRegen 0.10/turn    (no ring)
                     (no ring)

%: no passive effects
@: beast-form, corroded
A: beast (slay +3), almost no armour, amphibious, 8 rings, camouflage 1,
gelatinous body 1, (nimble swimmer 1), tentacles
a: Begin Untransformation


You were on level 4 of the Dungeon.
You were a hulking beast.
You visited 1 branch of the dungeon, and saw 4 of its levels.

You collected 270 gold pieces.
You spent 98 gold pieces at shops.

Inventory:

Armour
 o - a +1 hat
Talismans
 b - a beast talisman (active)
 c - a flux talisman
Scrolls
 d - 2 scrolls of vulnerability
 e - a scroll of revelation
 h - a scroll of immolation


   Skills:
 - Level 5.0 Fighting
 + Level 4.5 Dodging
 - Level 3.0 Unarmed Combat
 - Level 5.4 Shapeshifting


You had 6 spell levels left.
You didn't know any spells.
Your spell library was empty.

Dungeon Overview and Level Annotations

Branches:
Dungeon (4/15)
 Temple: D:4-7

Altars:
Nemelex Xobeh
Uskayaw
Wu Jian

Shops:
D:2 ?


Innate Abilities, Weirdness & Mutations

You are a hulking beast.
Your limbs bulge with bestial killing power. (Slay +3)
You cannot wear most types of armour.
You are amphibious.
You can wear up to eight rings at the same time.
Your skin changes colour to match your surroundings (Stealth+).
Your rubbery body absorbs attacks. (AC +1, EV +1)
((You are camouflaged when in or above water. (Stealth+)))
You have tentacles for arms and can constrict up to eight enemies at once.


Message History

It was a potion of attraction.
You feel attractive to monsters.
Unknown command.
Unknown command.
The air fills with toxic fumes!
As you read the scroll labelled EXATTO CAOMIELL, it crumbles to dust.
It was a scroll of poison.
Menkaure closely misses you.
Unknown command.
Unknown command.
You bludgeon Menkaure! You grab Menkaure. You squeeze Menkaure.
Menkaure is heavily damaged.
You constrict Menkaure.
Menkaure gestures at you while chanting.
You struggle to resist.
Unknown command.
You tentacle-slap Menkaure.
Menkaure is severely damaged.
You constrict Menkaure. Menkaure hits you.
* * * LOW HITPOINT WARNING * * *
Unknown command.
You tentacle-slap Menkaure.
You destroy Menkaure!
Your Dodging skill increases to level 4!
Unknown command.
Unknown command.
Unknown command.
You feel less attractive to monsters.
A jelly is nearby!
Unknown command.
As you read the scroll of identify, it crumbles to dust.
h - a scroll of immolation Unknown command.
Blink to where?
Press: ? - help, Dir - move target
Found 7 stones and a great sword.
As you read the scroll of blinking, it crumbles to dust.
The jelly attacks as it pursues you! The jelly hits you.
* * * LOW HITPOINT WARNING * * *
The acid corrodes you!
You are splashed with acid!
You die...

### ##..
##..###
##..##.#
##)..#.##
#..hJ.#
#..##..(..#
#...##)#....#
..#. #.#
..#.... #..
### .......
## .....##
.#.#.. ##...#


You could see a jelly.

Vanquished Creatures
  Grinder (D:3)
  Menkaure (D:4)
  An ogre (D:4)
  A scorpion (D:4)
  3 orc wizards
  9 adders
  2 dart slugs
  2 ribbon worms
  13 orcs
  7 ball pythons
  7 endoplasms
  3 giant cockroaches
  4 goblins
  2 hobgoblins
  4 jackals
  7 kobolds
  4 quokkas
  6 bats
  2 frilled lizards
  3 rats
82 creatures vanquished.

Notes
Turn   | Place    | Note
-------+----------+-------------------------------------------
     0 | D:1      | ExZ the Octopode Shapeshifter began the quest for the Orb.
     0 | D:1      | Reached XP level 1. HP: 13/13 MP: 1/1
   306 | D:1      | Reached XP level 2. HP: 19/19 MP: 2/2
   580 | D:2      | Found a faded altar of an unknown god.
   595 | D:2      | Reached XP level 3. HP: 25/25 MP: 3/3
   872 | D:2      | Found Tomnulig's Magic Scroll Emporium.
   901 | D:2      | Bought a scroll of teleportation for 42 gold pieces
   901 | D:2      | Bought a scroll of fear for 56 gold pieces
   936 | D:2      | Reached XP level 4. HP: 31/31 MP: 4/4
  1337 | D:2      | HP: 1/20 [orc wizard/magic dart (9)]
  1519 | D:3      | Reached XP level 5. HP: 34/37 MP: 5/5
  1861 | D:3      | Noticed Grinder
  1872 | D:3      | Killed Grinder
  1873 | D:3      | Reached skill level 5 in Fighting
  1873 | D:3      | Reached XP level 6. HP: 31/45 MP: 6/6
  2255 | D:3      | Found a hide-covered altar of Uskayaw.
  2255 | D:3      | Found a sparkling altar of Nemelex Xobeh.
  2765 | D:4      | Reached skill level 5 in Shapeshifting
  2938 | D:4      | Found an ornate altar of the Wu Jian Council.
  3103 | D:4      | Noticed an ice beast
  3307 | D:4      | Reached XP level 7. HP: 19/50 MP: 7/7
  3470 | D:4      | HP: 3/75 [ogre/+0 giant spiked club (22)]
  3487 | D:4      | Noticed Menkaure
  3495 | D:4      | HP: 2/50 [Menkaure (5)]
  3496 | D:4      | Killed Menkaure
  3527 | D:4      | Splashed by a jelly's acid

Illustrated notes

Levels and vault maps discovered:
D:1:      wander_arrival_desolate, layout_loops_cross
D:2:      layout_basic, serial_shops, nicolae_shop_tiny_statue_garden,
          ebering_ecumenical_altar_box, wad_floor_pattern_2, minmay_hexomino_u4
D:3:      layout_basic, mainiacjoe_overflow_divided_tiny,
          minmay_fractal_squares_diagonal_5, uniq_grinder
D:4:      layout_loops_ring, tgw_fedhas, general_overflow_altar,
          minmay_temple_entry_slanted, nrook_campfire, minmay_bisected,
          uniq_menkaure, uniq_pikel

Skill      XL: |  1  2  3  4  5  6  7 |
---------------+----------------------+-----
Fighting       | 2 3 5 |  5.0
Shapeshifting  | 4 5 |  5.4
Dodging        | 4 |  4.5
Unarmed Combat | |  3.0

Action                     |  1- 3 |  4- 6 |  7- 9 || total
---------------------------+-------+-------+-------++-------
  Melee: Unarmed           |    45 |   120 |    28 ||   193
         Tentacles         |    11 |    19 |     2 ||    32
         Constrict         |    15 |    27 |     3 ||    45
         Punch             |     4 |     1 |       ||     5
Ability: Begin Untransform |       |     1 |       ||     1
    Use: Potion            |       |     7 |     4 ||    11
         Scroll            |       |     3 |     6 ||     9
   Stab: Sleeping          |     4 |     2 |       ||     6
 Armour: Skin              |    13 |    70 |    16 ||    99
  Dodge: Dodged            |    20 |    78 |     6 ||   104
   Form: Beast             |       |     1 |       ||     1
         Flux              |       |     1 |       ||     1
